Workbook
Name _ftn1: 'Avance contrato'!$A$24
Name _ftn2: 'Avance contrato'!$A$25
Name _ftnref1: 'Avance contrato'!$C$11
Name _ftnref2: 'Avance contrato'!$A$14

Sheet Avance 2021 super
A1: POA 2021 avance corte 30 septiembre 2021 | D1: POA 2021 avance corte 31 enero 2022
A3: COMPONENTES | B3: CATEGORIAS | C3: RUBRO | D3: CONCEPTO GASTO ELEGIBLE CGE | E3: APROPIACIÓN CIN 75 | F3: Actividades | G3: Peso porcentual CGE | H3: Peso porcentual actividad | I3: meta actividad | J3: avance actividad supervisión | K3: avance actividad EIP | L3: avance actividad | M3: Avance porcentual CGE (según peso) | N3: Avance porcentual real CGE | O3: Soportes | P3: Observaciones EIP | Q3: Observaciones supervisión
A4: Preparación de Alianzas Productivas (Preinversión) | B4: Servicios de Apoyo | C4: 1.1.1 | D4: Apertura del registro verificación de perfiles | E4: 754825500 | F4: Verificación de Perfiles 2021 | G4: =E4/$E$31 -> 0.0066857204 | H4: 0.0034 | I4: 559 | J4: 559 | K4: 559 | L4: =J4/I4 -> 1 | M4: =L4*H4+L5*H5 -> 0.0067 | N4: =M4/G4 -> 1.0021358 | O4: 1. Acta 1: Actas de recepción de perfiles (secretarias de agricultura y Ventanilla MADR) 2. Acta 2: Acta de cumplimiento de requisitos (secretarias de agricultura y MADR) 3. Acta 3: Acta de priorización ((secretarias de agricultura y MADR) | P4: Se superó la meta. Se verificaron en total 598
F5: Presentación de resultados de perfiles 2021 ante la Comisión Intersectorial | H5: 0.0033 | I5: 559 | J5: 559 | K5: 559 | L5: =J5/I5 -> 1 | O5: 1. Presentaciones en powert point (OR) 2. Acta 4: Actas de aprobación de perfiles para estudio de preinversión. | P5: Se superó la meta. Se presentaron en total 598
C6: 1.1.2 | D6: Preinversiones | E6: 6174740000 | F6: Estructuración Preinversiones 2021 | G6: =E6/$E$31 -> 0.054691561 | H6: 0.0447 | I6: 486 | J6: 486 | K6: 486 | L6: =J6/I6 -> 1 | M6: =L6*H6+L7*H7 -> 0.0547 | N6: =M6/G6 -> 1.0001543 | O6: Estudios de preinversión de cada alianza
F7: Presentación de resultados de preinversiones 2021 ante la Comisión Intersectorial | H7: 0.01 | I7: 486 | J7: 486 | K7: 486 | L7: =J7/I7 -> 1 | O7: 1. Acta 5: Acta de aprobación de preinversiones susceptibles de cofinanciación | P7: Se realizaron las CIN y CIR de las 8 regionales
C8: 1.1.3 | D8: Seguimiento y monitoreo | E8: 8783099485 | F8: Visitas de inducción Alianzas 2021 | G8: =E8/E31 -> 0.077794599 | H8: 0.0178 | I8: 478 | J8: 478 | K8: 478 | L8: =J8/I8 -> 1 | M8: =L8*H8+L9*H9+L10*H10 -> 0.071359322 | N8: =M8/G8 -> 0.91727861 | O8: 1. Primer acta de CDA se encuentra cargada en el SSyM del PAAP 2. Instrucción de giro a traves de oficio EIP será anexo en los soportes de Giro del IM
F9: Monitoreo y ejecución de alianzas 2020 | H9: 0.06 | I9: =(178-1)*9 -> 1593 | J9: 1422 | K9: 1509 | L9: =J9/I9 -> 0.89265537 | O9: 1. El informe de gestión mensual del OR 2. El informe de cumplimiento mensual del OR | P9: Se encuentra en proceso de liquidación una alianza "asomudepaz", es decir quedarían 177 alianzas. En el mes de septiembre no se pagaron monitoreos.
F10: Monitoreo y ejecución de alianzas 2021 | H10: 0 | I10: =478*7 -> 3346 | J10: 147 | K10: 832 | L10: =J10/I10 -> 0.043933054 | O10: 1. El informe de gestión mensual del OR 2. El informe de cumplimiento mensual del OR | P10: Regional Pacifico cobró las visitas de inducción
B11: SUBTOTAL | E11: =SUM(E4:E8) -> 15712664985 | G11: =SUM(G4:G10) -> 0.13917188 | M11: =SUM(M4:M10) -> 0.13275932 | N11: =M11/G11 -> 0.95392346 | O11: =N11 -> 0.95392346
A12: Ejecución de Alianzas Productivas (Inversión) | B12: Incentivo Modular | C12: 2.1.1. | D12: Incentivo Modular | E12: 88400000000 | F12: Legalización Convenios 2021 | G12: =E12/E31 -> 0.78298584 | H12: =G12*27% -> 0.21140618 | I12: 478 | J12: 478 | K12: 478 | L12: =J12/I12 -> 1 | M12: =L12*H12+L13*H13+L14*H14+L15*H15+L16*H16 -> 0.76146192 | N12: =M12/G12 -> 0.97251046 | O12: 1. Convenio firmado por las partes | P12: Se superó a meta, total convenios legalizados a cierre de 31 de diciembre/21 (474) pendientes 4 de organizar unos documentos
F13: Constitución Patrimonios 2021 | H13: =G12*4% -> 0.031319434 | I13: 478 | J13: 460 | K13: 478 | L13: =J13/I13 -> 0.9623431 | O13: 1. Informe de gestión fiducia
F14: Legalización de póliza | H14: =G12*3% -> 0.023489575 | I14: 478 | J14: 460 | K14: 478 | L14: =J14/I14 -> 0.9623431
F15: Giro Patrimonios 2021 | H15: =G12*66% -> 0.51677066 | I15: 478 | J15: 460 | K15: 478 | L15: =J15/I15 -> 0.9623431 | O15: 1. Instrucción a fiducia por el EIP 2. Informe de gestión fiducia
F16: Contratación Operadores Locales alianzas 2021 | H16: 0 | I16: 478 | J16: 470 | K16: 470 | L16: =J16/I16 -> 0.9832636 | O16: 1. Validación estado contratos OL II diego 8-8-22 | P16: En ejecución 3 OL fase II de regional Amazonía
B17: Estrategias | C17: 2.1.2 | D17: Estrategias | E17: 2500000000 | F17: Legalización Contratos proveedores | G17: =E17/E31 -> 0.022143265 | H17: 0.005 | I17: 2 | J17: 2 | K17: 2 | L17: =J17/I17 -> 1 | M17: =L17*H17+L18*H18+L19*H19 -> 0.00842 | N17: =M17/G17 -> 0.38025106 | O17: 1. Contrato publicado en secop | P17: Se legalizaron dos contratos para ejecutar las estrategias, divididos en dos grandes regiones de pais
F18: Ejecución estrategias contrato Tiempos de paz | H18: =1.71%/2 -> 0.00855 | I18: 100 | J18: 20 | K18: =(I18*35%)+(I18*25%) -> 60 | L18: =J18/I18 -> 0.2 | O18: 1. Entregables del proveedor para los pagos 2. Informe para 2do pago | P18: Se realizaron los entregables del 35% del contrato correspondientes a: cronograma, acta de inicio, enfoque metodológico y métodos áreas de trabajo. El operador realizó el apoyo logístico en el evento realizado el 21 de enero/22 en la ciudad de Repelón (Atlántico) con ocasión de la visita a Alainzas exitosas del Ministro en esta región pero no han hecho cobro.
F19: Ejecución estrategias contrato FEEDR | H19: =1.71%/2 -> 0.00855 | I19: 100 | J19: 20 | K19: =(I19*35%)+(I19*25%) -> 60 | L19: =J19/I19 -> 0.2 | O19: 1. Entregables del proeveedor para los pagos 2. informe 2do pago | P19: Se recibieron y aprobarón los entregables del primer pago del 35% del contrato correspondientes a: cronograma, acta de inicio, enfoque metodológico y métodos áreas de trabajo. El operador realizó el apoyo logístico en el evento realizado el 16 de enero/22 en la ciudad de Arauca con ocasión de la visita del Ministro en esta región pero no han hecho cobro.
B20: SUBTOTAL | E20: =SUM(E12:E18) -> 90900000000 | G20: =SUM(G12:G18) -> 0.80512911 | M20: =SUM(M12:M18) -> 0.76988192 | N20: =M20/G20 -> 0.9562217 | O20: =N20 -> 0.9562217
A21: Gerencia, Monitoreo y Evaluación del Proyecto (Seguimiento y Gerencia) | B21: Servicios de Apoyo | C21: 3.1.1. | D21: Contratación EIP | E21: 4400000000 | F21: Divulgación Convocatoria | G21: =E21/E31 -> 0.038972146 | H21: 0.002 | I21: 1 | J21: 1 | K21: 1 | L21: =J21/I21 -> 1 | M21: =L21*H21+L22*H22+L23*H23 -> 0.039 | N21: =M21/G21 -> 1.0007147 | O21: 1. Publicación en la pagina web del MADR
F22: Cierre Convocatoria | H22: 0.002 | I22: 1 | J22: 1 | K22: 1 | L22: =J22/I22 -> 1 | O22: 1. Publicación en la pagina web del MADR
F23: Acompañamiento transversal al PAAP | H23: 0.035 | I23: 12 | J23: 12 | K23: 12 | L23: =J23/I23 -> 1 | O23: 1. Contratos del EIP publicados en el Secop 2. Soportes de pago cuentas mensuales EIP
C24: 3.1.4 | D24: Sistema de seguimiento y monitoreo | E24: 300000000 | F24: Desarrollo nuevo sistema de seguimiento y monitoreo | G24: =E24/E31 -> 0.0026571918 | H24: =G24/2 -> 0.0013285959 | I24: 7 | J24: 7 | K24: 7 | L24: =J24/I24 -> 1 | M24: =L24*H24+L25*H25 -> 0.0013285959 | N24: =M24/G24 -> 0.5 | O24: 1. Archivos TPS acceso por el link https://coe-madr.visualstudio.com/Alianzas%20Productivas Se debe pedir permisos al tfs con la OTIC al proyecto Alianzas Productivas 2. Visualización de los módulos desarrollados en sistema nuevo de información 3. informes de 3 ingenieros | P24: Son ocho grandes módulos. Durante el 2021 se alcanzaron a desarrollar 7. Considerando que el modulo 8 es el más extenso, el desarrollo y la implementación se realizaran durante el 2022, y se pagará con recursos de esa vigencia. En enero 2022, se actualizó meta, pasa de 8 a 7 en el POA 2021.
F25: Implementación nuevo sistema de seguimiento y monitoreo (a cargo de la empresa Conexión) | H25: =G24/2 -> 0.0013285959 | I25: 7 | J25: 0 | K25: =(J25*35%)+(J25*25%)+(J25*40%) -> 0 | L25: =J25/I25 -> 0 | O25: 1. Contrato de la empresa 2. Entregables de los pagos | P25: 1. Se recibieron y aprobarón los entregables del primer pago del 35% del contrato correspondientes a: cronograma, acta de inicio, enfoque metodológico y métodos áreas de trabajo 2. El contratista presentó el informe de avance correspondiente al segundo pago por el 25% del valor del contrato, el cual fue aprobado por el supervisor quedando pendiente de pago para el mes de febrero. 3. Igualmente, presentó el informe final al Director de Capacidades correspondiente al tercer pago del 40% restante del valor del contrato, pero presentó observaciones por parte del supervisor y está en subsanación del contratista.
C26: 3.1.5 | D26: Costos fiduciaria | E26: 483396329 | F26: Pago Costos fiduciaria | G26: =E26/E31 -> 0.0042815892 | H26: 0.0043 | I26: 483396329 | J26: 455673750 | K26: 455673750 | L26: =J26/I26 -> 0.94265041 | M26: =L26*H26 -> 0.0040533968 | N26: =M26/G26 -> 0.94670381 | O26: 1. Facturas 2. Informe comisión fiduciaria | P26: Se actualiza con base en el informe de fiducia enero 2022
B27: Costos operativos | C27: 3.2.1 | D27: Comisiones EIP - Interventorías - Otros - TQTS | E27: 745085902 | F27: Pago Comisiones EIP - Interventorías - Otros - TQTS | G27: =E27/E31 -> 0.0065994538 | H27: 0.0066 | I27: 745085902 | J27: 295933487 | K27: 295933487 | L27: =J27/I27 -> 0.39718036 | M27: =L27*H27 -> 0.0026213904 | N27: =M27/G27 -> 0.39721323 | O27: 1. Informe de gestión de fiducia 2. Pagos de comisiones (evidencias) 3. Se envió rad. 20222360345111 y 20224600361801 a fiducia solicitando devolución a DTN por rec. No ejecutados 2021, se verá reflejado en mayo | P27: Se actualiza con base en el informe de fiducia enero 2022 | Q27: El informe con corte a junio decia que se había pagado $297.266.667, es decir más de lo que se reporta a julio 2022 lo cual no puede ser posible
C28: 3.2.2 | D28: Materiales y suministros | E28: 360000000 | F28: Legalización Contrato proveedoor | G28: =E28/E31 -> 0.0031886301 | H28: 0.001 | I28: 2 | J28: 2 | K28: 2 | L28: =J28/I28 -> 1 | M28: =(L28*H28)+(L29*H29) -> 0.0021 | N28: =M28/G28 -> 0.65859003 | O28: 1. Contrato publicado en secop | P28: ORDEN DE COMPRA - VENEPLASS 1. Se remitió estudios previos e instrucción de apertura del proceso Marco de Precios a Fiduagraria 2. Se elaboraron las invitaciones a cotizar de las empresas que suministran elementos de papelería para estructurar el estudio de mercado correspondiente 3. Se realizó Orden de Compra 78021 papelería corrugados con Veneplast por $2.839.397,12 CONTRATO PRESTACIÓN DE SERVICIOS - TELECAFÉ 1. Se realizó proceso contractual de prestación de servicios con TELECAFE para operación logística está en aprobada de póliza para el 1-12-21
F29: Entrega de materiales y suministros al MADR | H29: 0.0022 | I29: 2 | J29: 1 | K29: 1 | L29: =J29/I29 -> 0.5 | O29: 1. Soporte de entrega del proveedor 2. contrato Operador logístico Telecafé | P29: 1. Veneplass entregó en 19 de noviembre los elementos de papel y cartón corrugado 2. Telecafé realizó el apoyo logístico en 6 eventos regionales, pasó facturas en mayo las cuales están pagadas y aprobadas
B30: SUBTOTAL | E30: =SUM(E21:E28) -> 6288482231 | G30: =SUM(G21:G29) -> 0.055699011 | M30: =SUM(M21:M29) -> 0.049103383 | N30: =M30/G30 -> 0.88158447 | O30: =N30 -> 0.88158447
A31: TOTAL | E31: =E30+E20+E11 -> 112901147216 | G31: =SUM(G11,G20,G30) -> 1 | M31: =SUM(M11,M20,M30) -> 0.95174463 | N31: =M31/G31 -> 0.95174463

Sheet Avance 2022 super
A1: POA 2021 avance corte 30 septiembre 2021 | D1: POA 2022 avance corte 30 de junio de 2022
A3: COMPONENTES | B3: CATEGORIAS | C3: RUBRO | D3: CONCEPTO GASTO ELEGIBLE CGE | E3: APROPIACIÓN CIN 80 | F3: Actividades | G3: Peso porcentual CGE | H3: Peso porcentual actividad | I3: meta actividad | J3: avance actividad supervisión | K3: avance actividad EIP | L3: avance actividad | M3: Avance porcentual CGE (según peso) | N3: Avance porcentual real CGE | O3: Soportes | P3: Observaciones
A4: Preparación de Alianzas Productivas (Preinversión) | B4: Servicios de Apoyo | C4: 1.1.1 | D4: Apertura del registro verificación de perfiles | E4: ='2022'!E7 -> 596700000 | F4: Verificación de Perfiles 2022 | G4: =E4/$E$31 -> 0.007956 | H4: =G4*80% -> 0.0063648 | I4: 443 | J4: 443 | K4: 443 | L4: =J4/I4 -> 1 | M4: =L4*H4+L5*H5 -> 0.007956 | N4: =M4/G4 -> 1 | O4: 1. Acta 1: Actas de recepción de perfiles (secretarias de agricultura y Ventanilla MADR) 2. Acta 2: Acta de cumplimiento de requisitos (secretarias de agricultura y MADR) 3. Acta 3: Acta de priorización ((secretarias de agricultura y MADR)
F5: Presentación de resultados de perfiles 2022 ante la Comisión Intersectorial | H5: =G4*20% -> 0.0015912 | I5: 443 | J5: 443 | K5: 443 | L5: =J5/I5 -> 1 | O5: 1. Presentaciones en powert point (OR) 2. Acta 4: Actas de aprobación de perfiles para estudio de preinversión.
C6: 1.1.2 | D6: Preinversiones | E6: ='2022'!E8 -> 4490720000 | F6: Estructuración Preinversiones 2022 | G6: =E6/$E$31 -> 0.059876267 | H6: =G6*80% -> 0.047901013 | I6: 354 | J6: 0 | K6: 0 | L6: =J6/I6 -> 0 | M6: =L6*H6+L7*H7 -> 0 | N6: =M6/G6 -> 0 | O6: Estudios de preinversión de cada alianza
F7: Presentación de resultados de preinversiones 2022 ante la Comisión Intersectorial | H7: =G6*20% -> 0.011975253 | I7: 354 | J7: 0 | K7: 0 | L7: =J7/I7 -> 0 | O7: 1. Acta 5: Acta de aprobación de preinversiones susceptibles de cofinanciación
C8: 1.1.3 | D8: Seguimiento y monitoreo | E8: ='2022'!E9 -> 7490625000 | F8: Visitas de inducción Alianzas 2022 | G8: =E8/E31 -> 0.099875 | H8: =G8*10% -> 0.0099875 | I8: 272 | J8: 0 | K8: 0 | L8: =J8/I8 -> 0 | M8: =L8*H8+L9*H9+L10*H10+L11*H11 -> 9.5588235e-05 | N8: =M8/G8 -> 0.0009570787 | O8: 1. Primer acta de CDA 2. Instrucción de giro a traves de oficio EIP
F9: Monitoreo y ejecución de alianzas 2021 | H9: =G8*80% -> 0.0799 | I9: =478*3 -> 1434 | J9: 0 | K9: 0 | L9: =J9/I9 -> 0 | O9: 1. El informe de gestión mensual del OR 2. El informe de cumplimiento mensual del OR
F10: Monitoreo y ejecución de alianzas 2022 | H10: =G8*5% -> 0.00499375 | I10: =I8*1 -> 272 | J10: 0 | K10: 0 | L10: =J10/I10 -> 0 | O10: 1. El informe de gestión mensual del OR 2. El informe de cumplimiento mensual del OR
F11: Monitoreo y ejecución de alianzas 2020 | H11: 0.005 | I11: =170*4 -> 680 | J11: 13 | K11: 84 | L11: =J11/I11 -> 0.019117647
B12: SUBTOTAL | E12: =SUM(E4:E10) -> 12578045000 | G12: =SUM(G4:G10) -> 0.16770727 | H12: =SUM(H4:H10) -> 0.16271352 | M12: =SUM(M4:M10) -> 0.0080515882 | N12: =M12/G12 -> 0.048009776 | O12: =N12 -> 0.048009776
A13: Ejecución de Alianzas Productivas (Inversión) | B13: Incentivo Modular | C13: 2.1.1. | D13: Incentivo Modular | E13: ='2022'!E11 -> 54400000000 | F13: Legalización Convenios 2022 | G13: =E13/E31 -> 0.72533333 | H13: =G13*30% -> 0.2176 | I13: 272 | J13: 0 | K13: 0 | L13: =J13/I13 -> 0 | M13: =L13*H13+L14*H14+L15*H15+L16*H16 -> 0 | N13: =M13/G13 -> 0 | O13: 1. Convenio firmado por las partes
F14: Constitución Patrimonios 2022 | H14: =G13*20% -> 0.14506667 | I14: 272 | J14: 0 | K14: 0 | L14: =J14/I14 -> 0 | O14: 1. Informe de gestión fiducia con relacion de patrimonios constituidos - RELACIÓN DE Diego
F15: Giro Patrimonios 2022 | H15: =G13*45% -> 0.3264 | I15: 272 | J15: 0 | K15: 0 | L15: =J15/I15 -> 0 | O15: 1. Instrucción a fiducia por el EIP 2. Informe de gestión fiducia
F16: Contratación Operadores Locales alianzas 2022 | H16: =G13*5% -> 0.036266667 | I16: 272 | J16: 0 | K16: 0 | L16: =J16/I16 -> 0 | O16: 1. Informe avance vinculación y contratación derivada fiducia
B17: Estrategias | C17: 2.1.2 | D17: Estrategias | E17: ='2022'!E12 -> 1200000000 | F17: Legalización Contratos proveedores | G17: =E17/E31 -> 0.016 | H17: =G17*20% -> 0.0032 | I17: 2 | J17: 0 | K17: 0 | L17: =J17/I17 -> 0 | M17: =L17*H17+L18*H18+L19*H19 -> 0 | N17: =M17/G17 -> 0 | O17: 1. Contrato publicado en secop
F18: Ejecución estrategias contrato 1 | H18: =G17*40% -> 0.0064 | I18: 5 | J18: 0 | K18: 0 | L18: =J18/I18 -> 0 | O18: 1. Entregables del proeveedor para los pagos
F19: Ejecución estrategias contrato 2 | H19: =G17*40% -> 0.0064 | I19: 5 | J19: 0 | K19: 0 | L19: =J19/I19 -> 0 | O19: 1. Entregables del proeveedor para los pagos
B20: SUBTOTAL | E20: =SUM(E13:E19) -> 55600000000 | G20: =SUM(G13:G18) -> 0.74133333 | M20: =SUM(M13:M18) -> 0 | N20: =M20/G20 -> 0 | O20: =N20 -> 0
A21: Gerencia, Monitoreo y Evaluación del Proyecto (Seguimiento y Gerencia) | B21: Servicios de Apoyo | C21: 3.1.1. | D21: Contratación EIP | E21: ='2022'!E14 -> 5000000000 | F21: Divulgación Convocatoria 2022 | G21: =E21/E31 -> 0.066666667 | H21: =G21*10% -> 0.0066666667 | I21: 1 | J21: 1 | K21: 1 | L21: =J21/I21 -> 1 | M21: =L21*H21+L22*H22+L23*H23 -> 0.044444444 | N21: =M21/G21 -> 0.66666667 | O21: 1. Publicación en la pagina web del MADR
F22: Cierre Convocatoria 2022 | H22: =G21*10% -> 0.0066666667 | I22: 1 | J22: 1 | K22: 1 | L22: =J22/I22 -> 1 | O22: 1. Publicación en la pagina web del MADR 2. CIN 81 | P22: El cierre de 1 de marzo fue modificado a 18 de marzo en CIN 81
F23: Acompañamiento transversal al PAAP | H23: =G21*80% -> 0.053333333 | I23: 12 | J23: 7 | K23: 7 | L23: =J23/I23 -> 0.58333333 | O23: 1. Contratos del EIP publicados en el Secop 2. Informes para pago contratistas
C24: 3.1.4 | D24: Sistema de seguimiento y monitoreo | E24: ='2022'!E15 -> 300000000 | F24: Desarrollo nuevo sistema de seguimiento y monitoreo | G24: =E24/E31 -> 0.004 | H24: =G24*50% -> 0.002 | I24: 2 | J24: 2 | K24: 2 | L24: =J24/I24 -> 1 | M24: =L24*H24+L25*H25 -> 0.002 | N24: =M24/G24 -> 0.5 | O24: 1. En enero y febrero no se tuvo usuario por tanto a prtir de marzo se verán los avances. 2. Para el 2022, se están desarrollando 2 módulos: el de reportes y el financiero. El de reportes va en un 30% de desarrollo y del financiero va en un 10 % de desarrollo. | P24: Son ocho grandes módulos. Durante el 2021 se alcanzaron a desarrollar 7. Considerando que el modulo 8 es el más extenso, el desarrollo y la implementación se realizaran durante el 2022, y se pagará con recursos de esa vigencia. En enero 2022, serán los mismos ingenieros Para la vigencia 2022 se decidió desarrollar además del módulo reportes un móculo más llamado financiero
F25: Implementación nuevo sistema de seguimiento y monitoreo | H25: =G24*50% -> 0.002 | I25: 2 | J25: 0 | K25: 0.07 | L25: =J25/I25 -> 0 | O25: En los informe de actividades de Lina Pinzón se ven los avances del compronente financiero que son las historias de usuario El módulo de reportes los avances se podrán ver en en el código fuente archivo TFS. NOTA: Se ajusta la medición de cumplimiento teniendo en cuenta que se contrató una empresa para finalizar la implementación del nuevo sistema, la forma de pagos es: 35% 35% 30%
C26: 3.1.5 | D26: Costos fiduciaria | E26: ='2022'!E16 -> 321119187 | F26: Pago Costos fiduciaria | G26: =E26/E31 -> 0.0042815892 | H26: =G26 -> 0.0042815892 | I26: =E26 -> 321119187 | J26: 6339812 | K26: 6339812 | L26: =J26/I26 -> 0.019742863 | M26: =L26*H26 -> 8.4530827e-05 | N26: =M26/G26 -> 0.019742863 | O26: 1. Facturas 2. Informe comisión fiduciaria
B27: Costos operativos | C27: 3.2.1 | D27: Comisiones EIP - Interventorías - Otros - TQTS | E27: ='2022'!E17 -> 700835813 | F27: Pago Comisiones EIP - Interventorías - Otros - TQTS | G27: =E27/E31 -> 0.0093444775 | H27: 0.0066 | I27: =E27 -> 700835813 | J27: 2.0313614e+08 | K27: 2.0313614e+08 | L27: =J27/I27 -> 0.2898484 | M27: =L27*H27 -> 0.0019129994 | N27: =M27/G27 -> 0.20471979 | O27: 1. Informe de gestión de fiducia | P27: viáticos
C28: 3.2.2 | D28: Materiales y suministros | E28: ='2022'!E18 -> 500000000 | F28: Legalización Contrato proveedoor | G28: =E28/E31 -> 0.0066666667 | H28: 0.001 | I28: 1 | J28: 0 | K28: 0 | L28: =J28/I28 -> 0 | M28: =(L28*H28)+(L29*H29) -> 0 | N28: =M28/G28 -> 0 | O28: 1. Contrato publicado en secop | P28: Actualmente, no se ha establecido la cantidad de contratos necesarios para el desarrollo de esta actividad; sin embargo, se mantiene lo desarrollado en la vigencia 2021
F29: Entrega de materiales y suministros al MADR | H29: 0.0022 | I29: 1 | J29: 0 | K29: 0 | L29: =J29/I29 -> 0 | O29: 1. Soporte de entrega del proveedor
B30: SUBTOTAL | E30: =SUM(E21:E29) -> 6821955000 | G30: =SUM(G21:G29) -> 0.0909594 | M30: =SUM(M21:M29) -> 0.048441975 | N30: =M30/G30 -> 0.532567 | O30: =N30 -> 0.532567
A31: TOTAL | E31: =E30+E20+E12 -> 75000000000 | G31: =SUM(G12,G20,G30) -> 1 | M31: =SUM(M12,M20,M30) -> 0.056493563 | N31: =M31/G31 -> 0.056493563

Sheet Avance 2022
A1: POA 2021 avance corte 30 septiembre 2021 | D1: POA 2022 avance corte 30 de junio de 2022
A3: COMPONENTES | B3: CATEGORIAS | C3: RUBRO | D3: CONCEPTO GASTO ELEGIBLE CGE | E3: APROPIACIÓN CIN 80 | F3: Actividades | G3: Peso porcentual CGE | H3: Peso porcentual actividad | I3: meta actividad | J3: avance actividad | K3: avance actividad | L3: Avance porcentual CGE (según peso) | M3: Avance porcentual real CGE | N3: Soportes | O3: Observaciones
A4: Preparación de Alianzas Productivas (Preinversión) | B4: Servicios de Apoyo | C4: 1.1.1 | D4: Apertura del registro verificación de perfiles | E4: ='2022'!E7 -> 596700000 | F4: Verificación de Perfiles 2022 | G4: =E4/$E$31 -> 0.007956 | H4: =G4*80% -> 0.0063648 | I4: 443 | J4: 443 | K4: =J4/I4 -> 1 | L4: =K4*H4+K5*H5 -> 0.007956 | M4: =L4/G4 -> 1 | N4: 1. Acta 1: Actas de recepción de perfiles (secretarias de agricultura y Ventanilla MADR) 2. Acta 2: Acta de cumplimiento de requisitos (secretarias de agricultura y MADR) 3. Acta 3: Acta de priorización ((secretarias de agricultura y MADR)
F5: Presentación de resultados de perfiles 2022 ante la Comisión Intersectorial | H5: =G4*20% -> 0.0015912 | I5: 443 | J5: 443 | K5: =J5/I5 -> 1 | N5: 1. Presentaciones en powert point (OR) 2. Acta 4: Actas de aprobación de perfiles para estudio de preinversión.
C6: 1.1.2 | D6: Preinversiones | E6: ='2022'!E8 -> 4490720000 | F6: Estructuración Preinversiones 2022 | G6: =E6/$E$31 -> 0.059876267 | H6: =G6*80% -> 0.047901013 | I6: 354 | J6: 0 | K6: =J6/I6 -> 0 | L6: =K6*H6+K7*H7 -> 0 | M6: =L6/G6 -> 0 | N6: Estudios de preinversión de cada alianza
F7: Presentación de resultados de preinversiones 2022 ante la Comisión Intersectorial | H7: =G6*20% -> 0.011975253 | I7: 354 | J7: 0 | K7: =J7/I7 -> 0 | N7: 1. Acta 5: Acta de aprobación de preinversiones susceptibles de cofinanciación
C8: 1.1.3 | D8: Seguimiento y monitoreo | E8: ='2022'!E9 -> 7490625000 | F8: Visitas de inducción Alianzas 2022 | G8: =E8/E31 -> 0.099875 | H8: =G8*10% -> 0.0099875 | I8: 272 | J8: 0 | K8: =J8/I8 -> 0 | L8: =K8*H8+K9*H9+K10*H10+K11*H11 -> 0.00061764706 | M8: =L8/G8 -> 0.0061842008 | N8: 1. Primer acta de CDA 2. Instrucción de giro a traves de oficio EIP
F9: Monitoreo y ejecución de alianzas 2021 | H9: =G8*80% -> 0.0799 | I9: =478*3 -> 1434 | J9: 0 | K9: =J9/I9 -> 0 | N9: 1. El informe de gestión mensual del OR 2. El informe de cumplimiento mensual del OR
F10: Monitoreo y ejecución de alianzas 2022 | H10: =G8*5% -> 0.00499375 | I10: =I8*1 -> 272 | J10: 0 | K10: =J10/I10 -> 0 | N10: 1. El informe de gestión mensual del OR 2. El informe de cumplimiento mensual del OR
F11: Monitoreo y ejecución de alianzas 2020 | H11: 0.005 | I11: =170*4 -> 680 | J11: 84 | K11: =J11/I11 -> 0.12352941
B12: SUBTOTAL | E12: =SUM(E4:E10) -> 12578045000 | G12: =SUM(G4:G10) -> 0.16770727 | H12: =SUM(H4:H10) -> 0.16271352 | L12: =SUM(L4:L10) -> 0.0085736471 | M12: =L12/G12 -> 0.051122693 | N12: =M12 -> 0.051122693
A13: Ejecución de Alianzas Productivas (Inversión) | B13: Incentivo Modular | C13: 2.1.1. | D13: Incentivo Modular | E13: ='2022'!E11 -> 54400000000 | F13: Legalización Convenios 2022 | G13: =E13/E31 -> 0.72533333 | H13: =G13*30% -> 0.2176 | I13: 272 | J13: 0 | K13: =J13/I13 -> 0 | L13: =K13*H13+K14*H14+K15*H15+K16*H16 -> 0 | M13: =L13/G13 -> 0 | N13: 1. Convenio firmado por las partes
F14: Constitución Patrimonios 2022 | H14: =G13*20% -> 0.14506667 | I14: 272 | J14: 0 | K14: =J14/I14 -> 0 | N14: 1. Informe de gestión fiducia con relacion de patrimonios constituidos - RELACIÓN DE Diego
F15: Giro Patrimonios 2022 | H15: =G13*45% -> 0.3264 | I15: 272 | J15: 0 | K15: =J15/I15 -> 0 | N15: 1. Instrucción a fiducia por el EIP 2. Informe de gestión fiducia
F16: Contratación Operadores Locales alianzas 2022 | H16: =G13*5% -> 0.036266667 | I16: 272 | J16: 0 | K16: =J16/I16 -> 0 | N16: 1. Informe avance vinculación y contratación derivada fiducia
B17: Estrategias | C17: 2.1.2 | D17: Estrategias | E17: ='2022'!E12 -> 1200000000 | F17: Legalización Contratos proveedores | G17: =E17/E31 -> 0.016 | H17: =G17*20% -> 0.0032 | I17: 2 | J17: 0 | K17: =J17/I17 -> 0 | L17: =K17*H17+K18*H18+K19*H19 -> 0 | M17: =L17/G17 -> 0 | N17: 1. Contrato publicado en secop
F18: Ejecución estrategias contrato 1 | H18: =G17*40% -> 0.0064 | I18: 5 | J18: 0 | K18: =J18/I18 -> 0 | N18: 1. Entregables del proeveedor para los pagos
F19: Ejecución estrategias contrato 2 | H19: =G17*40% -> 0.0064 | I19: 5 | J19: 0 | K19: =J19/I19 -> 0 | N19: 1. Entregables del proeveedor para los pagos
B20: SUBTOTAL | E20: =SUM(E13:E19) -> 55600000000 | G20: =SUM(G13:G18) -> 0.74133333 | L20: =SUM(L13:L18) -> 0 | M20: =L20/G20 -> 0 | N20: =M20 -> 0
A21: Gerencia, Monitoreo y Evaluación del Proyecto (Seguimiento y Gerencia) | B21: Servicios de Apoyo | C21: 3.1.1. | D21: Contratación EIP | E21: ='2022'!E14 -> 5000000000 | F21: Divulgación Convocatoria 2022 | G21: =E21/E31 -> 0.066666667 | H21: =G21*10% -> 0.0066666667 | I21: 1 | J21: 1 | K21: =J21/I21 -> 1 | L21: =K21*H21+K22*H22+K23*H23 -> 0.044444444 | M21: =L21/G21 -> 0.66666667 | N21: 1. Publicación en la pagina web del MADR
F22: Cierre Convocatoria 2022 | H22: =G21*10% -> 0.0066666667 | I22: 1 | J22: 1 | K22: =J22/I22 -> 1 | N22: 1. Publicación en la pagina web del MADR 2. CIN 81 | O22: El cierre de 1 de marzo fue modificado a 18 de marzo en CIN 81
F23: Acompañamiento transversal al PAAP | H23: =G21*80% -> 0.053333333 | I23: 12 | J23: 7 | K23: =J23/I23 -> 0.58333333 | N23: 1. Contratos del EIP publicados en el Secop 2. Informes para pago contratistas
C24: 3.1.4 | D24: Sistema de seguimiento y monitoreo | E24: ='2022'!E15 -> 300000000 | F24: Desarrollo nuevo sistema de seguimiento y monitoreo | G24: =E24/E31 -> 0.004 | H24: =G24*50% -> 0.002 | I24: 2 | J24: 2 | K24: =J24/I24 -> 1 | L24: =K24*H24+K25*H25 -> 0.00207 | M24: =L24/G24 -> 0.5175 | N24: 1. En enero y febrero no se tuvo usuario por tanto a prtir de marzo se verán los avances. 2. Para el 2022, se están desarrollando 2 módulos: el de reportes y el financiero. El de reportes va en un 30% de desarrollo y del financiero va en un 10 % de desarrollo. | O24: Son ocho grandes módulos. Durante el 2021 se alcanzaron a desarrollar 7. Considerando que el modulo 8 es el más extenso, el desarrollo y la implementación se realizaran durante el 2022, y se pagará con recursos de esa vigencia. En enero 2022, serán los mismos ingenieros Para la vigencia 2022 se decidió desarrollar además del módulo reportes un móculo más llamado financiero
F25: Implementación nuevo sistema de seguimiento y monitoreo | H25: =G24*50% -> 0.002 | I25: 2 | J25: 0.07 | K25: =J25/I25 -> 0.035 | N25: En los informe de actividades de Lina Pinzón se ven los avances del compronente financiero que son las historias de usuario El módulo de reportes los avances se podrán ver en en el código fuente archivo TFS. NOTA: Se ajusta la medición de cumplimiento teniendo en cuenta que se contrató una empresa para finalizar la implementación del nuevo sistema, la forma de pagos es: 35% 35% 30%
C26: 3.1.5 | D26: Costos fiduciaria | E26: ='2022'!E16 -> 321119187 | F26: Pago Costos fiduciaria | G26: =E26/E31 -> 0.0042815892 | H26: =G26 -> 0.0042815892 | I26: =E26 -> 321119187 | J26: 6339812 | K26: =J26/I26 -> 0.019742863 | L26: =K26*H26 -> 8.4530827e-05 | M26: =L26/G26 -> 0.019742863 | N26: 1. Facturas 2. Informe comisión fiduciaria
B27: Costos operativos | C27: 3.2.1 | D27: Comisiones EIP - Interventorías - Otros - TQTS | E27: ='2022'!E17 -> 700835813 | F27: Pago Comisiones EIP - Interventorías - Otros - TQTS | G27: =E27/E31 -> 0.0093444775 | H27: 0.0066 | I27: =E27 -> 700835813 | J27: 2.0313614e+08 | K27: =J27/I27 -> 0.2898484 | L27: =K27*H27 -> 0.0019129994 | M27: =L27/G27 -> 0.20471979 | N27: 1. Informe de gestión de fiducia | O27: viáticos
C28: 3.2.2 | D28: Materiales y suministros | E28: ='2022'!E18 -> 500000000 | F28: Legalización Contrato proveedoor | G28: =E28/E31 -> 0.0066666667 | H28: 0.001 | I28: 1 | J28: 0 | K28: =J28/I28 -> 0 | L28: =(K28*H28)+(K29*H29) -> 0 | M28: =L28/G28 -> 0 | N28: 1. Contrato publicado en secop | O28: Actualmente, no se ha establecido la cantidad de contratos necesarios para el desarrollo de esta actividad; sin embargo, se mantiene lo desarrollado en la vigencia 2021
F29: Entrega de materiales y suministros al MADR | H29: 0.0022 | I29: 1 | J29: 0 | K29: =J29/I29 -> 0 | N29: 1. Soporte de entrega del proveedor
B30: SUBTOTAL | E30: =SUM(E21:E29) -> 6821955000 | G30: =SUM(G21:G29) -> 0.0909594 | L30: =SUM(L21:L29) -> 0.048511975 | M30: =L30/G30 -> 0.53333657 | N30: =M30 -> 0.53333657
A31: TOTAL | E31: =E30+E20+E12 -> 75000000000 | G31: =SUM(G12,G20,G30) -> 1 | L31: =SUM(L12,L20,L30) -> 0.057085622 | M31: =L31/G31 -> 0.057085622

Sheet Avance 2021
A1: POA 2021 avance corte 30 septiembre 2021 | D1: POA 2021 avance corte 31 enero 2022
A3: COMPONENTES | B3: CATEGORIAS | C3: RUBRO | D3: CONCEPTO GASTO ELEGIBLE CGE | E3: APROPIACIÓN CIN 75 | F3: Actividades | G3: Peso porcentual CGE | H3: Peso porcentual actividad | I3: meta actividad | J3: avance actividad | K3: avance actividad | L3: Avance porcentual CGE (según peso) | M3: Avance porcentual real CGE | N3: Soportes | O3: Observaciones
A4: Preparación de Alianzas Productivas (Preinversión) | B4: Servicios de Apoyo | C4: 1.1.1 | D4: Apertura del registro verificación de perfiles | E4: 754825500 | F4: Verificación de Perfiles 2021 | G4: =E4/$E$31 -> 0.0066857204 | H4: 0.0034 | I4: 559 | J4: 559 | K4: =J4/I4 -> 1 | L4: =K4*H4+K5*H5 -> 0.0067 | M4: =L4/G4 -> 1.0021358 | N4: 1. Acta 1: Actas de recepción de perfiles (secretarias de agricultura y Ventanilla MADR) 2. Acta 2: Acta de cumplimiento de requisitos (secretarias de agricultura y MADR) 3. Acta 3: Acta de priorización ((secretarias de agricultura y MADR) | O4: Se superó la meta. Se verificaron en total 598
F5: Presentación de resultados de perfiles 2021 ante la Comisión Intersectorial | H5: 0.0033 | I5: 559 | J5: 559 | K5: =J5/I5 -> 1 | N5: 1. Presentaciones en powert point (OR) 2. Acta 4: Actas de aprobación de perfiles para estudio de preinversión. | O5: Se superó la meta. Se presentaron en total 598
C6: 1.1.2 | D6: Preinversiones | E6: 6174740000 | F6: Estructuración Preinversiones 2021 | G6: =E6/$E$31 -> 0.054691561 | H6: 0.0447 | I6: 486 | J6: 486 | K6: =J6/I6 -> 1 | L6: =K6*H6+K7*H7 -> 0.0547 | M6: =L6/G6 -> 1.0001543 | N6: Estudios de preinversión de cada alianza
F7: Presentación de resultados de preinversiones 2021 ante la Comisión Intersectorial | H7: 0.01 | I7: 486 | J7: 486 | K7: =J7/I7 -> 1 | N7: 1. Acta 5: Acta de aprobación de preinversiones susceptibles de cofinanciación | O7: Se realizaron las CIN y CIR de las 8 regionales
C8: 1.1.3 | D8: Seguimiento y monitoreo | E8: 8783099485 | F8: Visitas de inducción Alianzas 2021 | G8: =E8/E31 -> 0.077794599 | H8: 0.0178 | I8: 478 | J8: 478 | K8: =J8/I8 -> 1 | L8: =K8*H8+K9*H9+K10*H10 -> 0.074636158 | M8: =L8/G8 -> 0.95940025 | N8: 1. Primer acta de CDA se encuentra cargada en el SSyM del PAAP 2. Instrucción de giro a traves de oficio EIP será anexo en los soportes de Giro del IM
F9: Monitoreo y ejecución de alianzas 2020 | H9: 0.06 | I9: =(178-1)*9 -> 1593 | J9: 1509 | K9: =J9/I9 -> 0.9472693 | N9: 1. El informe de gestión mensual del OR 2. El informe de cumplimiento mensual del OR | O9: Se encuentra en proceso de liquidación una alianza "asomudepaz", es decir quedarían 177 alianzas. En el mes de septiembre no se pagaron monitoreos.
F10: Monitoreo y ejecución de alianzas 2021 | H10: 0 | I10: =478*7 -> 3346 | J10: 832 | K10: =J10/I10 -> 0.24865511 | N10: 1. El informe de gestión mensual del OR 2. El informe de cumplimiento mensual del OR | O10: Regional Pacifico cobró las visitas de inducción
B11: SUBTOTAL | E11: =SUM(E4:E8) -> 15712664985 | G11: =SUM(G4:G10) -> 0.13917188 | L11: =SUM(L4:L10) -> 0.13603616 | M11: =L11/G11 -> 0.97746871 | N11: =M11 -> 0.97746871
A12: Ejecución de Alianzas Productivas (Inversión) | B12: Incentivo Modular | C12: 2.1.1. | D12: Incentivo Modular | E12: 88400000000 | F12: Legalización Convenios 2021 | G12: =E12/E31 -> 0.78298584 | H12: =G12*27% -> 0.21140618 | I12: 478 | J12: 478 | K12: =J12/I12 -> 1 | L12: =K12*H12+K13*H13+K14*H14+K15*H15+K16*H16 -> 0.78298584 | M12: =L12/G12 -> 1 | N12: 1. Convenio firmado por las partes | O12: Se superó a meta, total convenios legalizados a cierre de 31 de diciembre/21 (474) pendientes 4 de organizar unos documentos
F13: Constitución Patrimonios 2021 | H13: =G12*4% -> 0.031319434 | I13: 478 | J13: 478 | K13: =J13/I13 -> 1 | N13: 1. Informe de gestión fiducia
F14: Legalización de póliza | H14: =G12*3% -> 0.023489575 | I14: 478 | J14: 478 | K14: =J14/I14 -> 1
F15: Giro Patrimonios 2021 | H15: =G12*66% -> 0.51677066 | I15: 478 | J15: 478 | K15: =J15/I15 -> 1 | N15: 1. Instrucción a fiducia por el EIP 2. Informe de gestión fiducia
F16: Contratación Operadores Locales alianzas 2021 | H16: 0 | I16: 478 | J16: 470 | K16: =J16/I16 -> 0.9832636 | N16: 1. Validación estado contratos OL II diego 8-8-22 | O16: En ejecución 3 OL fase II de regional Amazonía
B17: Estrategias | C17: 2.1.2 | D17: Estrategias | E17: 2500000000 | F17: Legalización Contratos proveedores | G17: =E17/E31 -> 0.022143265 | H17: 0.005 | I17: 2 | J17: 2 | K17: =J17/I17 -> 1 | L17: =K17*H17+K18*H18+K19*H19 -> 0.01526 | M17: =L17/G17 -> 0.6891486 | N17: 1. Contrato publicado en secop | O17: Se legalizaron dos contratos para ejecutar las estrategias, divididos en dos grandes regiones de pais
F18: Ejecución estrategias contrato Tiempos de paz | H18: =1.71%/2 -> 0.00855 | I18: 5 | J18: =(I18*35%)+(I18*25%) -> 3 | K18: =J18/I18 -> 0.6 | N18: 1. Entregables del proveedor para los pagos 2. Informe para 2do pago | O18: Se realizaron los entregables del 35% del contrato correspondientes a: cronograma, acta de inicio, enfoque metodológico y métodos áreas de trabajo. El operador realizó el apoyo logístico en el evento realizado el 21 de enero/22 en la ciudad de Repelón (Atlántico) con ocasión de la visita a Alainzas exitosas del Ministro en esta región pero no han hecho cobro.
F19: Ejecución estrategias contrato FEEDR | H19: =1.71%/2 -> 0.00855 | I19: 5 | J19: =(I19*35%)+(I19*25%) -> 3 | K19: =J19/I19 -> 0.6 | N19: 1. Entregables del proeveedor para los pagos 2. informe 2do pago | O19: Se recibieron y aprobarón los entregables del primer pago del 35% del contrato correspondientes a: cronograma, acta de inicio, enfoque metodológico y métodos áreas de trabajo. El operador realizó el apoyo logístico en el evento realizado el 16 de enero/22 en la ciudad de Arauca con ocasión de la visita del Ministro en esta región pero no han hecho cobro.
B20: SUBTOTAL | E20: =SUM(E12:E18) -> 90900000000 | G20: =SUM(G12:G18) -> 0.80512911 | L20: =SUM(L12:L18) -> 0.79824584 | M20: =L20/G20 -> 0.99145073 | N20: =M20 -> 0.99145073
A21: Gerencia, Monitoreo y Evaluación del Proyecto (Seguimiento y Gerencia) | B21: Servicios de Apoyo | C21: 3.1.1. | D21: Contratación EIP | E21: 4400000000 | F21: Divulgación Convocatoria | G21: =E21/E31 -> 0.038972146 | H21: 0.002 | I21: 1 | J21: 1 | K21: =J21/I21 -> 1 | L21: =K21*H21+K22*H22+K23*H23 -> 0.039 | M21: =L21/G21 -> 1.0007147 | N21: 1. Publicación en la pagina web del MADR
F22: Cierre Convocatoria | H22: 0.002 | I22: 1 | J22: 1 | K22: =J22/I22 -> 1 | N22: 1. Publicación en la pagina web del MADR
F23: Acompañamiento transversal al PAAP | H23: 0.035 | I23: 12 | J23: 12 | K23: =J23/I23 -> 1 | N23: 1. Contratos del EIP publicados en el Secop 2. Soportes de pago cuentas mensuales EIP
C24: 3.1.4 | D24: Sistema de seguimiento y monitoreo | E24: 300000000 | F24: Desarrollo nuevo sistema de seguimiento y monitoreo | G24: =E24/E31 -> 0.0026571918 | H24: =G24/2 -> 0.0013285959 | I24: 7 | J24: 7 | K24: =J24/I24 -> 1 | L24: =K24*H24+K25*H25 -> 0.0026571918 | M24: =L24/G24 -> 1 | N24: 1. Archivos TPS acceso por el link https://coe-madr.visualstudio.com/Alianzas%20Productivas Se debe pedir permisos al tfs con la OTIC al proyecto Alianzas Productivas 2. Visualización de los módulos desarrollados en sistema nuevo de información 3. informes de 3 ingenieros | O24: Son ocho grandes módulos. Durante el 2021 se alcanzaron a desarrollar 7. Considerando que el modulo 8 es el más extenso, el desarrollo y la implementación se realizaran durante el 2022, y se pagará con recursos de esa vigencia. En enero 2022, se actualizó meta, pasa de 8 a 7 en el POA 2021.
F25: Implementación nuevo sistema de seguimiento y monitoreo (a cargo de la empresa Conexión) | H25: =G24/2 -> 0.0013285959 | I25: 7 | J25: =(I25*35%)+(I25*25%)+(I25*40%) -> 7 | K25: =J25/I25 -> 1 | N25: 1. Contrato de la empresa 2. Entregables de los pagos | O25: 1. Se recibieron y aprobarón los entregables del primer pago del 35% del contrato correspondientes a: cronograma, acta de inicio, enfoque metodológico y métodos áreas de trabajo 2. El contratista presentó el informe de avance correspondiente al segundo pago por el 25% del valor del contrato, el cual fue aprobado por el supervisor quedando pendiente de pago para el mes de febrero. 3. Igualmente, presentó el informe final al Director de Capacidades correspondiente al tercer pago del 40% restante del valor del contrato, pero presentó observaciones por parte del supervisor y está en subsanación del contratista.
C26: 3.1.5 | D26: Costos fiduciaria | E26: 483396329 | F26: Pago Costos fiduciaria | G26: =E26/E31 -> 0.0042815892 | H26: 0.0043 | I26: 483396329 | J26: 455673750 | K26: =J26/I26 -> 0.94265041 | L26: =K26*H26 -> 0.0040533968 | M26: =L26/G26 -> 0.94670381 | N26: 1. Facturas 2. Informe comisión fiduciaria | O26: Se actualiza con base en el informe de fiducia enero 2022
B27: Costos operativos | C27: 3.2.1 | D27: Comisiones EIP - Interventorías - Otros - TQTS | E27: 745085902 | F27: Pago Comisiones EIP - Interventorías - Otros - TQTS | G27: =E27/E31 -> 0.0065994538 | H27: 0.0066 | I27: 745085902 | J27: 295933487 | K27: =J27/I27 -> 0.39718036 | L27: =K27*H27 -> 0.0026213904 | M27: =L27/G27 -> 0.39721323 | N27: 1. Informe de gestión de fiducia 2. Pagos de comisiones (evidencias) 3. Se envió rad. 20222360345111 y 20224600361801 a fiducia solicitando devolución a DTN por rec. No ejecutados 2021, se verá reflejado en mayo | O27: Se actualiza con base en el informe de fiducia enero 2022
C28: 3.2.2 | D28: Materiales y suministros | E28: 360000000 | F28: Legalización Contrato proveedoor | G28: =E28/E31 -> 0.0031886301 | H28: 0.001 | I28: 2 | J28: 2 | K28: =J28/I28 -> 1 | L28: =(K28*H28)+(K29*H29) -> 0.0021 | M28: =L28/G28 -> 0.65859003 | N28: 1. Contrato publicado en secop | O28: ORDEN DE COMPRA - VENEPLASS 1. Se remitió estudios previos e instrucción de apertura del proceso Marco de Precios a Fiduagraria 2. Se elaboraron las invitaciones a cotizar de las empresas que suministran elementos de papelería para estructurar el estudio de mercado correspondiente 3. Se realizó Orden de Compra 78021 papelería corrugados con Veneplast por $2.839.397,12 CONTRATO PRESTACIÓN DE SERVICIOS - TELECAFÉ 1. Se realizó proceso contractual de prestación de servicios con TELECAFE para operación logística está en aprobada de póliza para el 1-12-21
F29: Entrega de materiales y suministros al MADR | H29: 0.0022 | I29: 2 | J29: 1 | K29: =J29/I29 -> 0.5 | N29: 1. Soporte de entrega del proveedor 2. contrato Operador logístico Telecafé | O29: 1. Veneplass entregó en 19 de noviembre los elementos de papel y cartón corrugado 2. Telecafé realizó el apoyo logístico en 6 eventos regionales, pasó facturas en mayo las cuales están pagadas y aprobadas
B30: SUBTOTAL | E30: =SUM(E21:E28) -> 6288482231 | G30: =SUM(G21:G29) -> 0.055699011 | L30: =SUM(L21:L29) -> 0.050431979 | M30: =L30/G30 -> 0.9054376 | N30: =M30 -> 0.9054376
A31: TOTAL | E31: =E30+E20+E11 -> 112901147216 | G31: =SUM(G11,G20,G30) -> 1 | L31: =SUM(L11,L20,L30) -> 0.98471398 | M31: =L31/G31 -> 0.98471398

Sheet Avance 2020
A2: POA 2020 avance corte 28feb2022
A3: COMPONENTES | B3: CATEGORIAS | C3: CONCEPTO GASTO ELEGIBLE (CGE) | D3: APROPIACIÓN | E3: Actividades | F3: Peso porcentual CGE | G3: meta actividad | H3: avance actividad | I3: Avance meta actividad | J3: Avance porcentual CGE
A4: Preparación de Alianzas Productivas (Preinversión) | B4: Servicios de Apoyo | C4: Preinversiones | D4: 2362200000 | E4: Estructuración Preinversiones | F4: =D4/D22 -> 0.059055 | G4: 0.9 | H4: 1 | I4: =G4*H4 -> 0.9 | J4: =F4*I4 -> 0.0531495
E5: Presentación de resultados ante la Comisión Intersectorial | G5: 0.1 | H5: 1 | I5: =G5*H5 -> 0.1 | J5: =F4*I5 -> 0.0059055
C6: Seguimiento y monitoreo | D6: 193600000 | E6: Visitas de inducción Alianzas 2020 | F6: =D6/D22 -> 0.00484 | G6: 1 | H6: 1 | I6: =G6*H6 -> 1 | J6: =I6*F6 -> 0.00484
C7: Apertura del registro verificación de perfiles | D7: 0 | F7: =D7/D22 -> 0 | J7: =I7*F7 -> 0
B8: SUBTOTAL | D8: =SUM(D4:D7) -> 2555800000 | F8: =D8/D22 -> 0.063895 | J8: =SUM(J4+J5+J6+J7) -> 0.063895
A9: Ejecución de Alianzas Productivas (Inversión) | B9: Incentivo Modular | C9: Incentivo Modular | D9: 35960000000 | E9: Legalización Convenios | F9: =D9/D22 -> 0.899 | G9: 0.4 | H9: 1 | I9: =H9*G9 -> 0.4 | J9: =I9*F9 -> 0.3596
E10: Constitución Patrimonios | G10: 0.05 | H10: 1 | I10: =H10*G10 -> 0.05 | J10: =I10*F9 -> 0.04495
E11: Giro Patrimonios | G11: 0.55 | H11: 1 | I11: =H11*G11 -> 0.55 | J11: =I11*F9 -> 0.49445
E12: Contratación Operadores Locales alianzas 2020 | G12: 0 | H12: 1 | I12: =H12*G12 -> 0 | J12: =I12*F9 -> 0
B13: SUBTOTAL | D13: =SUM(D9:D9) -> 35960000000 | F13: =D13/D22 -> 0.899 | J13: =SUM(J9+J10+J11+J12) -> 0.899
A14: Gerencia, Monitoreo y Evaluación del Proyecto (Seguimiento y Gerencia) | B14: Servicios de Apoyo | C14: Contratación EIP | D14: 899263068 | E14: Divulgación Convocatoria | F14: =D14/D22 -> 0.022481577 | G14: 0.05 | H14: 1 | I14: =H14*G14 -> 0.05 | J14: =I14*F14 -> 0.0011240788
E15: Cierre Convocatoria | G15: 0.05 | H15: 1 | I15: =H15*G15 -> 0.05 | J15: =I15*F14 -> 0.0011240788
E16: Acompañamiento transversal al PAAP | G16: 0.9 | H16: 1 | I16: 0.9121 | J16: =I16*F14 -> 0.020505446
C17: Costos fiduciaria | D17: 171263567 | E17: Pago Costos fiduciaria | F17: =D17/$D$22 -> 0.0042815892 | G17: 1 | H17: =K17/D17 -> 0.9150128 | I17: =H17*G17 -> 0.9150128 | J17: =I17*F17 -> 0.0039177089 | K17: 1.5670836e+08
B18: Costos operativos | C18: Comisiones EIP - Interventorías - Otros - TQTS | D18: 373673365 | E18: Pago Comisiones EIP - Interventorías - Otros - TQTS | F18: =D18/$D$22 -> 0.0093418341 | G18: 1 | H18: 0.8251 | I18: =H18*G18 -> 0.8251 | J18: =I18*F18 -> 0.0077079473
C19: Materiales y suministros | D19: 40000000 | E19: Legalización Contrato proveedoor | F19: =D19/$D$22 -> 0.001 | G19: 0.4 | H19: 1 | I19: =H19*G19 -> 0.4 | J19: =I19*F19 -> 0.0004
E20: Entrega de materiales y suministros al MADR | G20: 0.6 | H20: 1 | I20: =H20*G20 -> 0.6 | J20: =I20*F19 -> 0.0006
B21: SUBTOTAL | D21: =SUM(D14:D19) -> 1484200000 | F21: =D21/$D$22 -> 0.037105 | J21: =SUM(J14+J15+J16+J17+J18+J19+J20) -> 0.03537926
A22: TOTAL | D22: =D21+D13+D8 -> 40000000000 | F22: =D22/$D$22 -> 1 | J22: =J8+J13+J21 -> 0.99827426
D25: =D22/1.0048 -> 3.9808917e+10
D26: =D25*0.48% -> 1.910828e+08
D27: =D25+D26 -> 40000000000

Sheet 2022
A5: 2022
A6: COMPONENTES | B6: CATEGORIAS | C6: CLASIFICACIÓN | D6: CONCEPTO GASTO ELEGIBLE | E6: APROPIACIÓN CIN 80 | F6: COMPROMETIDO | G6: AVANCE
A7: Preparación de Alianzas Productivas (Preinversión) | B7: Servicios de Apoyo | C7: 1.1.1 | D7: Apertura del registro verificación de perfiles | E7: 596700000 | G7: =F7/E7 -> 0
C8: 1.1.2 | D8: Preinversiones | E8: 4490720000 | G8: =F8/E8 -> 0
C9: 1.1.3 | D9: Seguimiento y monitoreo | E9: 7490625000 | G9: =F9/E9 -> 0
B10: SUBTOTAL | E10: =SUM(E7:E9) -> 12578045000 | F10: =SUM(F7:F9) -> 0 | G10: =F10/E10 -> 0
A11: Ejecución de Alianzas Productivas (Inversión) | B11: Incentivo Modular | C11: 2.1.1. | D11: Incentivo Modular | E11: 54400000000 | F11: 0 | G11: =F11/E11 -> 0
B12: Estrategias | C12: 2.1.2 | D12: Estrategias | E12: 1200000000 | F12: 0 | G12: =F12/E12 -> 0
B13: SUBTOTAL | E13: =SUM(E11:E12) -> 55600000000 | F13: =SUM(F11:F11) -> 0 | G13: =F13/E13 -> 0
A14: Gerencia, Monitoreo y Evaluación del Proyecto (Seguimiento y Gerencia) | B14: Servicios de Apoyo | C14: 3.1.1. | D14: Contratación EIP | E14: 5000000000 | G14: =F14/E14 -> 0
C15: 3.1.4 | D15: Sistema de seguimiento y monitoreo | E15: 300000000 | G15: =F15/E15 -> 0
C16: 3.1.5 | D16: Costos fiduciaria | E16: 321119187 | G16: =F16/E16 -> 0
B17: Costos operativos | C17: 3.2.1 | D17: Comisiones EIP - Interventorías - Otros - TQTS | E17: 700835813 | G17: =F17/E17 -> 0
C18: 3.2.2 | D18: Materiales y suministros | E18: 500000000 | G18: =F18/E18 -> 0
B19: SUBTOTAL | E19: =SUM(E14:E18) -> 6821955000 | F19: =SUM(F14:F18) -> 0 | G19: =F19/E19 -> 0
A20: TOTAL | E20: =E19+E13+E10 -> 75000000000 | F20: =F10+F13+F19 -> 0 | G20: =F20/E20 -> 0
E23: =E20/1.0048 -> 7.464172e+10
E24: =E23*0.48% -> 3.5828025e+08
E25: =E23+E24 -> 75000000000

Sheet 2021
A5: 2021
A6: COMPONENTES | B6: CATEGORIAS | C6: RUBRO | D6: CONCEPTO GASTO ELEGIBLE | E6: APROPIACIÓN CIN 75 | F6: COMPROMETIDO | G6: AVANCE
A7: Preparación de Alianzas Productivas (Preinversión) | B7: Servicios de Apoyo | C7: 1.1.1 | D7: Apertura del registro verificación de perfiles | E7: 754825500 | F7: 754676000 | G7: =F7/E7 -> 0.99980194
C8: 1.1.2 | D8: Preinversiones | E8: 6174740000 | F8: 6173507200 | G8: =F8/E8 -> 0.99980035
C9: 1.1.3 | D9: Seguimiento y monitoreo | E9: 8783099485 | F9: 8601000000 | G9: =F9/E9 -> 0.97926706
B10: SUBTOTAL | E10: =SUM(E7:E9) -> 15712664985 | F10: =SUM(F7:F9) -> 15529183200 | G10: =F10/E10 -> 0.98832268
A11: Ejecución de Alianzas Productivas (Inversión) | B11: Incentivo Modular | C11: 2.1.1. | D11: Incentivo Modular | E11: 88400000000 | F11: 0 | G11: =F11/E11 -> 0
B12: Estrategias | C12: 2.1.2 | D12: Estrategias | E12: 2500000000 | F12: 0 | G12: =F12/E12 -> 0
B13: SUBTOTAL | E13: =SUM(E11:E11) -> 88400000000 | F13: =SUM(F11:F11) -> 0 | G13: =F13/E13 -> 0
A14: Gerencia, Monitoreo y Evaluación del Proyecto (Seguimiento y Gerencia) | B14: Servicios de Apoyo | C14: 3.1.1. | D14: Contratación EIP | E14: 4400000000 | F14: 4226713335 | G14: =F14/E14 -> 0.96061667
C15: 3.1.4 | D15: Sistema de seguimiento y monitoreo | E15: 300000000 | F15: 120500000 | G15: =F15/E15 -> 0.40166667
C16: 3.1.5 | D16: Costos fiduciaria | E16: 483396329 | F16: 483396329 | G16: =F16/E16 -> 1
B17: Costos operativos | C17: 3.2.1 | D17: Comisiones EIP - Interventorías - Otros - TQTS | E17: 745085902 | F17: 10686547 | G17: =F17/E17 -> 0.014342705
C18: 3.2.2 | D18: Materiales y suministros | E18: 360000000 | F18: 0 | G18: =F18/E18 -> 0
B19: SUBTOTAL | E19: =SUM(E14:E18) -> 6288482231 | F19: =SUM(F14:F18) -> 4841296211 | G19: =F19/E19 -> 0.7698672
A20: TOTAL | E20: =E19+E13+E10 -> 110401147216 | F20: =F10+F13+F19 -> 20370479411 | G20: =F20/E20 -> 0.18451329
E23: =E20/1.0048 -> 1.0987375e+11
E24: =E23*0.48% -> 5.2739402e+08
E25: =E23+E24 -> 110401147216

Sheet 2020
A5: 2020
A6: COMPONENTES | B6: CATEGORIAS | C6: CONCEPTO GASTO ELEGIBLE | D6: CLASIFICACIÓN | E6: APROPIACIÓN | F6: RECURSO DISPONIBLE | H6: V/U | O6: =O7/171 -> #REF!
A7: Preparación de Alianzas Productivas (Preinversión) | B7: Servicios de Apoyo | C7: Preinversiones | D7: 1.1.1 | E7: 2362200000 | F7: =H7*85 -> 1.174193e+09 | G7: =I7*147 -> 1866900000 | H7: =E7/171 -> 13814035 | I7: 12700000 | J7: =171/3 -> 57 | K7: =J7/3 -> 19 | L7: =H7/3 -> 4604678.4 | M7: =E7-#REF! -> #REF! | N7: =M7/171 -> #REF! | O7: =E7-#REF! -> #REF!
C8: Seguimiento y monitoreo | D8: 1.1.2 | E8: 193600000 | F8: 461745491 | H8: =E8/12 -> 16133333 | J8: =H8/6 -> 2688888.9
C9: Apertura del registro verificación de perfiles | D9: 1.1.2. | E9: 0 | F9: =H9*85 -> 0 | G9: =H9*169 -> 0 | H9: =E9/171 -> 0 | I9: 169
B10: SUBTOTAL | E10: =SUM(E7:E9) -> 2555800000 | F10: =SUM(F7:F9) -> 1.6359385e+09 | G10: =SUM(G7:G9) -> 1866900000 | J10: =E10+E13 -> 38515800000 | K10: =J10/E21 -> 0.962895
A11: Ejecución de Alianzas Productivas (Inversión) | B11: Incentivo Modular | C11: Incentivo Modular | D11: 2.1.1. | E11: 35960000000 | F11: =H11*85 -> 1.7874854e+10 | G11: =H11*H5 -> 0 | H11: =E11/171 -> 2.102924e+08 | J11: =E20 -> 1484200000 | K11: =J11/E21 -> 0.037105
B12: Servicios de Apoyo | C12: Servicios complementarios y acompañamientos adicionales | G12: 713875430
B13: SUBTOTAL | E13: =SUM(E11:E11) -> 35960000000 | F13: =SUM(F11) -> 1.7874854e+10 | G13: =SUM(G11:G12) -> 713875430
A14: Gerencia, Monitoreo y Evaluación del Proyecto (Seguimiento y Gerencia) | B14: Servicios de Apoyo | C14: Contratación EIP | D14: 3.1.1. | E14: 899263068 | F14: =H14*8 -> 599508712 | G14: =F14 -> 599508712 | H14: =E14/12 -> 74938589 | K14: 34200000000 | L14: 171
C15: Auditoria | G15: 300000000 | K15: 26000000000
C16: Costos fiduciaria | D16: 3.1.4. | E16: 171263567 | F16: 100318471 | G16: 1.4808917e+08
C17: Evaluación | G17: 800000000 | K17: =K15/H11 -> 123.63737
B18: Costos operativos | C18: Comisiones EIP - Interventorías - Otros - TQTS | D18: 3.2.1. | E18: 373673365 | F18: =H18*8 -> 2.4911558e+08 | G18: =F18 -> 2.4911558e+08 | H18: =E18/12 -> 31139447
C19: Materiales y suministros | E19: 40000000 | F19: =E19 -> 40000000 | G19: 50000000
B20: SUBTOTAL | E20: =SUM(E14:E19) -> 1484200000 | F20: =SUM(F14:F19) -> 9.8894276e+08 | G20: =SUM(G14:G19) -> 2.1467135e+09
A21: TOTAL | E21: =E20+E13+E10 -> 40000000000 | F21: =F20+F13+F10 -> 2.0499735e+10 | G21: 31000000000 | I21: =G21-G20-G12 -> 2.8139411e+10
G22: =G21-G20-G13-G10 -> 2.6272511e+10 | I22: =I21-#REF!-#REF! -> #REF!
I23: =I22/200000000 -> #REF!
E24: =E21/1.0048 -> 3.9808917e+10 | F24: =F21/1.0048 -> 2.0401806e+10 | G24: =G21/1.0048 -> 3.0851911e+10 | I24: =I23*1.1 -> #REF! | J24: Umbral 10% Preinversiones
E25: =E24*0.48% -> 1.910828e+08 | F25: =F24*0.48% -> 97928671 | G25: =G24*0.48% -> 1.4808917e+08 | I25: =I24*1.15 -> #REF! | J25: Umbral 15% Perfiles
E26: =E24+E25 -> 40000000000 | F26: =F24+F25 -> 2.0499735e+10 | G26: =G24+G25 -> 3.1e+10 | I26: =I25/32 -> #REF!
I27: =I25-14 -> #REF! | J27: - Departamentos especiales
I28: =I27/27 -> #REF!
I30: =I22-G7-G9 -> #REF!
I31: =I30/200000000 -> #REF!
I32: =I31-7 -> #REF!
I33: =I32/27 -> #REF!

Sheet Avance contrato
A2: Avance contrato 20200530
A4: POA | B4: % avance | C4: Peso porcentual técnico POA
A5: POA 2020 | B5: ='Avance 2020'!J22 -> 0.99827426 | C5: 0.5
A6: POA 2021 | B6: ='Avance 2021'!L31 -> 0.98471398 | C6: 0.5
A7: Avance total contrato | B7: =(B5+B6)/2 -> 0.99149412 | C7: =C5+C6 -> 1
B9: Encargo fiduciario | D9: Patrimonio autonómo
A10: Concepto gasto elegible | B10: 2020 | C10: 2021 | D10: 2020 | E10: 2021
A11: 1. Preinversiones | B11: 1 | C11: 1
A12: 2. Seguimiento y monitoreo | B12: 1 | C12: 0.5531
A13: 3. Apertura del registro y verificación de perfiles | B13: 1 | C13: 1
A14: 4. Incentivo modular | B14: 1 | C14: 0.65 | D14: =(28%*70%)+ (14%*30%) -> 0.238 | E14: =(0%*70%)+ (0*30%) -> 0
A15: 5. Contratación EIP | B15: 1 | C15: 1
A16: 6. Costos Fiduciaria | B16: ='Avance 2020'!H17 -> 0.9150128 | C16: 0.106
A17: 7. Comisiones EIP – Interventorías – Otros – TQTS | B17: ='Avance 2020'!H18 -> 0.8251 | C17: 0.377
A18: 8. Materiales y suministros | B18: 1 | C18: 0.6586
A19: 9. Estrategias | B19: NA | C19: 0.226
A20: 10. Sistema de seguimiento y monitoreo | B20: NA | C20: 0.428
A21: Total | B21: =B5 -> 0.99827426 | C21: =B6 -> 0.98471398 | D21: =D14 -> 0.238 | E21: =E14 -> 0
A22: Total según peso porcentual | B22: =B21*30% -> 0.29948228 | C22: =C21*30% -> 0.29541419 | D22: =D21*70% -> 0.1666 | E22: =E21*70% -> 0
A23: Total 2020 | B23: =B22+D22 -> 0.46608228
A24: Total 2021 | B24: =C22+E22 -> 0.29541419
